 Dungeon Crawl Stone Soup version 0.31-a0-940-gdaa99269f9 (webtiles) character file.

Game seed: 8395187766319820080

12 Azuregosa the Sneak (level 2, -4/21 HPs)
             Began as an Octopode Delver on Oct 20, 2023.
             Was an Initiate of Vehumet.
             Slain by a gnoll
             ... wielding a +0 flail
              (8 damage)
             ... on level 3 of the Dungeon.
             The game lasted 00:01:59 (151 turns).

Azuregosa the Sneak (Octopode Delver)                Turns: 151, Time: 00:01:59

Health: -4/21      AC:  1    Str: 11    XL:     2   Next: 33%
Magic:  2/2        EV: 13    Int: 12    God:    Vehumet [......]
Gold:   0          SH:  0    Dex: 13    Spells: 1/1 levels left

rFire   . . .        a - +0 mace
rCold   . . .        (no shield)
rNeg    . . .        (helmet restricted)
rPois   .            (no amulet)
rElec   .            (no ring)
rCorr   .            (no ring)
SInv    .            (no ring)
Will    .....        (no ring)
Stlth   ++++         (no ring)
HPRegen 0.23/turn    (no ring)
MPRegen 0.08/turn    (no ring)
                     (no ring)

%: no passive effects
@: no status effects
A: almost no armour, amphibious, 8 rings, camouflage 1, gelatinous body 1,
(nimble swimmer 1), tentacles
a: Renounce Religion


You were on level 3 of the Dungeon.
You worshipped Vehumet.
Vehumet was noncommittal.
You visited 1 branch of the dungeon, and saw 4 of its levels.

Inventory:

Hand Weapons
 a - a +0 mace (weapon)
 c - a +0 short sword
Jewellery
 g - a ring of protection from fire
Wands
 f - a wand of digging (3)
Scrolls
 b - a scroll of fog
 d - a scroll of fear
 h - a scroll of amnesia {unknown}
Potions
 e - a potion of haste


   Skills:
 - Level 3.0 Fighting
 - Level 2.0 Maces & Flails
 - Level 2.0 Dodging
 + Level 7.3 Stealth


You had one spell level left.
You didn't know any spells.
Your spell library was empty.

Dungeon Overview and Level Annotations

Branches:
Dungeon (6/15)
 Temple: D:4-7

Altars:
Trog
Vehumet


Innate Abilities, Weirdness & Mutations

You cannot wear most types of armour.
You are amphibious.
You can wear up to eight rings at the same time.
Your skin changes colour to match your surroundings (Stealth+).
Your rubbery body absorbs attacks. (AC +1, EV +1)
((You are camouflaged when in or above water. (Stealth+)))
You have tentacles for arms and can constrict up to eight enemies at once.


Message History

There is a stone staircase leading down here.
h - a scroll labelled JEIPUS MAHIKKOMA You open the door.
A gnoll comes into view. It is wielding a +0 flail.
You close the door. 2 gnolls come into view.
The gnoll shouts!
A gnoll comes into view. It is wielding a +0 halberd.
A gnoll comes into view. It is wielding a +0 club.
You hit the gnoll. Your grab misses the gnoll.
The gnoll is moderately wounded.
The gnoll barely misses you.
You hit the gnoll. You grab the gnoll.
You squeeze the gnoll, but do no damage.
The gnoll is severely wounded.
You constrict the gnoll, but do no damage.
The gnoll hits you with a +0 whip.
You hit the gnoll but do no damage.
The gnoll is severely wounded.
You constrict the gnoll. The gnoll barely misses you.
You hit the gnoll but do no damage. You squeeze the gnoll.
You kill the gnoll!
Vehumet accepts your kill.
Your Stealth skill increases to level 7!
You have reached level 2!
You start resting.
A gnoll comes into view. It is wielding a +0 flail.
Things that are here:
a +0 whip; a gnoll corpse A gnoll comes into view.
It is wielding a +0 spear.
The gnoll shouts!
You hit the gnoll. You grab the gnoll.
The gnoll is lightly wounded.
You constrict the gnoll. The gnoll hits you with a +0 flail!
Ouch! That really hurt!
* * * LOW HITPOINT WARNING * * *
You sock the gnoll!
The gnoll is severely wounded.
You constrict the gnoll. The gnoll hits you with a +0 flail!
You die...

#. ..... .. #.♣
... .# ## #.. #+#
.. g. #...#.# .#g
#._.#.#########...
#...#.#.......##.#
#......g### #.##.#
#.♣...g...###.##.#
♣..>..#.g@.....#
♣.#.#.......####
♣...#########
...#.# #...#.# #.#
#.# #.# #.# #. #.#


You could see 3 gnolls.

Vanquished Creatures
  A gnoll (D:3)
  A dart slug (D:4)
2 creatures vanquished.

Notes
Turn   | Place    | Note
-------+----------+-------------------------------------------
     0 | D:5      | Azuregosa the Octopode Delver began the quest for the Orb.
     0 | D:5      | Reached XP level 1. HP: 16/16 MP: 1/1
     9 | D:6      | Found a radiant altar of Vehumet.
    14 | D:6      | Noticed a wight
    16 | D:6      | Noticed a wight
    16 | D:6      | Noticed a wight
    17 | D:6      | Became a worshipper of Vehumet
    70 | D:5      | Noticed an iguana
    77 | D:5      | Noticed a jelly
    98 | D:3      | Found a bloodstained altar of Trog.
   135 | D:3      | Reached skill level 7 in Stealth
   135 | D:3      | Reached XP level 2. HP: 14/21 MP: 2/2
   151 | D:3      | Slain by a gnoll

Illustrated notes

Levels and vault maps discovered:
D:3:      layout_loops_corners, nicolae_overflow_hidden_temple,
          mainiacjoe_overflow_boulevard, minmay_misc_feat_room,
          nrook_mini_backslash
D:4:      layout_cave_pools, fedhas_altar_fruit_tree,
          nicolae_twisty_statue_hallways
D:5:      layout_rooms, mainiacjoe_overflow_alcove_4,
          mainiacjoe_overflow_cross_hatched
D:6:      layout_basic, okawaru_gym_becter, vehumet_altar_wand_db,
          corexii_leaking_fountain, uniq_jeremiah, uniq_maggie

Skill      XL: |  1 |
---------------+----+-----
Stealth        | 7 |  7.3
Fighting       | |  3.0
Maces & Flails | |  2.0
Dodging        | |  2.0

Action                     || total
---------------------------++-------
  Melee: Mace              ||     8
         Constrict         ||     3
         Tentacles         ||     2
    Use: Scroll            ||     1
 Armour: Skin              ||     4
  Dodge: Dodged            ||     3

Table legend: (Time is in decaauts)
 A = Elapsed time spent in this place.
 B = Non-inter-level travel time spent in this place.
 C = Inter-level travel time spent in this place.
 D = Time resting spent in this place.
 E = Time spent auto-exploring this place.
 F = Levels seen in this place.
 G = Mean time per level.
                   A        B        C        D        E       F      G
               +--------+--------+--------+--------+--------+-----+--------+
         Total |    152 |    152 |      0 |     34 |     13 |   4 |   38.0 |
       Dungeon |    152 |    152 |      0 |     34 |     13 |   4 |   38.0 |
               +--------+--------+--------+--------+--------+-----+--------+

Top non-repeatable levels by time:
     D:5: 63 daAuts
     D:3: 54 daAuts
     D:6: 25 daAuts
     D:4: 9 daAuts
